 Dungeon Crawl Stone Soup version 0.25-a0-589-g1e14c549ee (webtiles) character file.

Game seed: 9793930402932107960, levelgen mode: deterministic

128 Esekla the Ducker (level 4, -2/21 HPs)
             Began as a Spriggan Artificer on Mar 11, 2020.
             Slain by a gnoll
             ... wielding a +0 spear
              (7 damage)
             ... on level 4 of the Dungeon.
             The game lasted 00:09:38 (2034 turns).

Esekla the Ducker (Spriggan Artificer)              Turns: 2034, Time: 00:09:38

Health: -2/21      AC:  2    Str:  8    XL:     4   Next: 86%
Magic:  8/8        EV: 19    Int: 13    God:
Gold:   86         SH:  5    Dex: 16    Spells: 3/3 levels left

rFire    . . .     SeeInvis +   s - +2 dagger (distort)
rCold    . . .     Gourm    .   i - +0 buckler (curse)
rNeg     . . .     Faith    .   b - +0 robe
rPois    .         Spirit   .   (helmet restricted)
rElec    .         Reflect  .   (no cloak)
rCorr    .         Harm     .   (gloves unavailable)
MR       .....                  (boots unavailable)
Stlth    +++.......             (no amulet)
HPRegen  0.07/turn              (no ring)
MPRegen  0.11/turn              (no ring)

@: very quick
A: very small, unfitting armour, see invisible, herbivore, speed 3, slow
metabolism 2
a: no special abilities


You were on level 4 of the Dungeon.
You were not hungry.

You visited 1 branch of the dungeon, and saw 4 of its levels.

You collected 86 gold pieces.

Inventory:

Hand Weapons
 s - a +2 dagger of distortion (weapon)
Missiles
 h - 14 poisoned darts (quivered)
Armour
 b - a +0 robe (worn)
 i - a cursed +0 buckler (worn)
Jewellery
 a - an uncursed ring of ice
Wands
 c - a wand of flame (15)
 d - a wand of enslavement (15)
 e - a wand of random effects (15)
Scrolls
 l - 3 scrolls of identify {unknown}
 m - a scroll of remove curse {unknown}
 o - a scroll of amnesia {unknown}
 q - a scroll of enchant armour {unknown}
 r - a scroll of teleportation {unknown}
Potions
 g - a potion of lignification {unknown}
 j - a potion of mutation {unknown}
 k - 2 potions of brilliance {unknown}
 n - a potion of curing {unknown}
 p - a potion of berserk rage {unknown}
Comestibles
 f - 6 rations


   Skills:
 - Level 0.7 Fighting
 * Level 4.0 Short Blades
 + Level 4.2 Dodging
 + Level 3.6 Stealth
 - Level 4.0 Evocations


You had 3 spell levels left.
You didn't know any spells.
Your spell library was empty.

Dungeon Overview and Level Annotations

Branches:
Dungeon (4/15)
 Temple: D:4-7

Altars:
Ashenzari
Qazlal


Innate Abilities, Weirdness & Mutations

You are very small and have problems with some larger weapons.
You are too small for most types of armour.
You have supernaturally acute eyesight. (SInv)
You are a herbivore.
You cover ground extremely quickly.
You need to consume almost no food.


Message History

Throwing (i - inventory)
h - 16 poisoned darts (quivered)
Press: ? - help, Shift-Dir - straight line, f/p - adder
Aim: an adder You throw a poisoned dart.
The poisoned dart closely misses the adder.
Throwing (i - inventory)
h - 15 poisoned darts (quivered)
Press: ? - help, Shift-Dir - straight line, f/p - adder
Aim: an adder You throw a poisoned dart.
The poisoned dart barely misses the adder.
A kobold comes into view.
There is a stone staircase leading down here.
The kobold shouts!
You climb downwards. 5 gnolls and a gnoll shaman come into view.
The gnoll shaman shouts!
The gnoll shouts! x4
Found four items.
There is a stone staircase leading up here.
The gnoll hits you from afar with a +0 spear!
You die...

....g?..
#......#
#?....g#
.##(....g#
.........#
#...g..#
#..gg..#
#$...@.#
########


You could see a gnoll shaman and 5 gnolls.

Vanquished Creatures
  A howler monkey skeleton (D:3)
  6 adders
  3 dart slugs
  An orc (D:3)
  7 bats
  4 giant cockroaches (D:2)
  6 goblins
  6 hobgoblins
  10 kobolds
  A quokka (D:3)
  A frilled lizard (D:1)
  8 rats
54 creatures vanquished.

Vanquished Creatures (others)
  A giant cockroach (D:3)
1 creature vanquished.

Grand Total: 55 creatures vanquished

Notes
Turn   | Place    | Note
-------+----------+-------------------------------------------
     0 | D:1      | Esekla the Spriggan Artificer began the quest for the Orb.
     0 | D:1      | Reached XP level 1. HP: 9/9 MP: 4/4
   294 | D:2      | Reached XP level 2. HP: 11/14 MP: 6/6
   413 | D:2      | Found a stormy altar of Qazlal.
   521 | D:2      | Reached XP level 3. HP: 8/17 MP: 7/7
  1042 | D:1      | Reached XP level 4. HP: 15/21 MP: 8/8
  1993 | D:3      | Found a shattered altar of Ashenzari.
  2034 | D:4      | Slain by a gnoll

Levels and vault maps discovered:
D:1:      wander_arrival_chamber, layout_basic
D:2:      layout_loops_ring, nicolae_overflow_hidden_temple
D:3:      cheibrodos_fertilizer, layout_loops_ring, evilmike_ruin_ashenzari
D:4:      layout_rooms, lemuel_crystal_altar, serial_shops, shop, first_ration

Skill      XL: |  1  2  3  4 |
---------------+-------------+-----
Short Blades   | 2 3 4 |  4.0
Stealth        | 2 3 |  3.6
Dodging        | 4 |  4.2
Fighting       | |  0.7
Evocations     | |  4.0

Action                   |  1- 3 |  4- 6 || total
-------------------------+-------+-------++-------
Melee: Short sword       |    81 |    50 ||   131
       Dagger            |       |    42 ||    42
Throw: Dart              |       |     6 ||     6
 Stab: Sleeping          |    11 |     4 ||    15
Armor: Robe              |     5 |     4 ||     9
Dodge: Dodged            |    66 |    47 ||   113
Block: Buckler           |     4 |    20 ||    24

Table legend:
 A = Non-vault XP
 B = Vault XP
 C = Vault XP percentage of total XP
 D = Non-vault monster count
 E = Vault monster count
 F = Vault count percentage of total count
                 A         B        C        D         E       F
            +---------+---------+-------+---------+---------+-------
      Total |     183 |       0 |   0.0 |      55 |       0 |   0.0
            +---------+---------+-------+---------+---------+-------
        D:1 |      38 |       0 |   0.0 |      20 |       0 |   0.0
        D:2 |      83 |       0 |   0.0 |      21 |       0 |   0.0
        D:3 |      62 |       0 |   0.0 |      14 |       0 |   0.0
            +---------+---------+-------+---------+---------+-------
